 Dungeon Crawl Stone Soup version 0.20.0-15-g7f486f2 (webtiles) character file.

10624 KleinerIrrer the Grappler (level 11, -9/101 HPs)
             Began as a Troll Monk on June 28, 2017.
             Was an Elder of the Shining One.
             Killed from afar by Harold (16 damage)
             ... with a bolt of fire
             ... on level 12 of the Dungeon.
             The game lasted 00:25:06 (9063 turns).

KleinerIrrer the Grappler (Troll Monk)              Turns: 9063, Time: 00:25:06

Health: -9/101     AC:  9    Str: 24    XL:     11   Next: 38%
Magic:  12/12      EV: 13    Int:  6    God:    the Shining One [****..]
Gold:   810        SH:  0    Dex: 12    Spells: 10/10 levels left

rFire    + . .     SeeInvis .     - Unarmed
rCold    + + .     Gourm    +   (no shield)
rNeg     + + .     Faith    .   s - +2 robe {rC+ rF+}
rPois    +         Spirit   .   g - +2 hat
rElec    .         Reflect  .   (no cloak)
rCorr    .         Harm     .   (gloves unavailable)
MR       .....                  (boots unavailable)
Stlth    +.........             E - amulet of magic regeneration
Regen    0.7/turn               n - ring of protection from cold
MPRegen  0.2/turn               N - ring of poison resistance

@: glowing
A: unfitting armour, claws 3, fast metabolism 3, gourmand, regeneration 1,
shaggy fur 1, tough skin 2
a: Divine Shield, Cleansing Flame, Renounce Religion


You were on level 12 of the Dungeon.
You worshipped the Shining One.
The Shining One was greatly pleased with you.
You were very full.

You visited 2 branches of the dungeon, and saw 12 of its levels.
You also visited: Bailey.

You collected 1062 gold pieces.
You spent 252 gold pieces at shops.

Inventory:

Hand Weapons
 G - the +7 mace of Goef Tymy {drain, rN+ MR+}
   (You found it on level 6 of the Dungeon)

   A truly terrible weapon, it drains the life of those it strikes.
   It protects you from negative energy.
   It affects your resistance to hostile enchantments.
   The Shining One disapproves of the use of such an item.
Armour
 g - a +2 hat (worn)
 s - a +2 robe of resistance (worn)
 J - a +0 troll leather armour
Jewellery
 d - an uncursed ring of ice
 h - an uncursed ring of wizardry
 n - a ring of protection from cold (left claw)
 w - an uncursed ring of fire
 E - an amulet of magic regeneration (around neck)
 N - a ring of poison resistance (right claw)
Wands
 a - a wand of lightning (9/15)
 k - a wand of flame (24/48)
 B - a wand of flame (33/48)
 H - a wand of iceblast (7/15)
 K - a wand of flame (21/48)
 L - a wand of iceblast (13/15)
 O - a wand of flame (26/48)
Scrolls
 e - a scroll of teleportation
 f - 2 scrolls of recharging
 l - 2 scrolls of enchant weapon
 m - 2 scrolls of fear
 o - 7 scrolls of remove curse
 r - 3 scrolls of amnesia
 t - a scroll of enchant armour
 v - 2 scrolls of magic mapping
 y - 3 scrolls of identify
 D - a scroll of blinking
Potions
 c - 5 potions of degeneration
 p - a potion of invisibility {unknown}
 q - a potion of brilliance
 x - 3 potions of lignification
 z - a potion of cancellation {unknown}
 C - a potion of flight
 F - 2 potions of curing {unknown}
Books
 A - a book of Necromancy

   Spells                             Type                      Level
   a - Pain                           Necromancy                   1
   b - Animate Skeleton               Necromancy                   1
   c - Vampiric Draining              Necromancy                   3
   d - Regeneration                   Charms/Necromancy            3
   e - Animate Dead                   Necromancy                   4
   f - Control Undead                 Necromancy                   4
   The Shining One disapproves of the use of such an item.
Miscellaneous
 P - a lamp of fire
Comestibles
 b - 8 bread rations
 i - 3 meat rations
 j - 30 fruits
 u - 6 royal jellies


   Skills:
 + Level 4.7 Fighting
 * Level 7.0 Throwing
 + Level 6.9 Dodging
 - Level 1.0 Stealth
 + Level 13.0 Unarmed Combat
 * Level 3.2 Invocations


You had 10 spell levels left.
You didn't know any spells.

Dungeon Overview and Level Annotations

Branches:
Dungeon (12/15)            Temple (1/1) D:4            Lair (0/6) D:10
    Orc: D:9-12

Altars:
Ashenzari
Cheibriados
Dithmenos
Elyvilon
Fedhas
Gozag
Hepliaklqana
Kikubaaqudgha
Makhleb
Nemelex Xobeh
Okawaru
Qazlal
Ru
Sif Muna
Trog
Uskayaw
Vehumet
Xom
Yredelemnul
Zin
The Shining One

Shops:
D:8 [

Annotations:
D:12 Harold


Innate Abilities, Weirdness & Mutations

You are too large for most types of armour.
You have claws for hands.
Your metabolism is lightning-fast.
You like to eat raw meat.
Your natural rate of healing is unusually fast.
You are covered in fur. (AC +1)
You have very tough skin. (AC +2)


Message History

Harold is severely wounded.
Harold hits you with a glaive!
* * * LOW HITPOINT WARNING * * *
You completely miss Harold.
Harold is severely wounded.
You claw Harold! x2
Harold is almost dead.
Harold hits you with a glaive.
* * * LOW HITPOINT WARNING * * *
You scratch Harold but do no damage.
Harold is almost dead.
You barely miss Harold.
Harold is almost dead.
Harold says happily, "The price on your head will fill my nest egg nicely!"
Harold casts a spell.
Harold blinks!
Harold misses you. Harold gestures at you while chanting.
The bolt of fire hits you! You resist.
You die...

...#########
.......<.#.###
.........#...#
.........'...#
.........#...#
.........##'######+#
#######.....(†......
#..@..........
#...@.........
#.....§.......
#.............
##+#.......###
#.......# +.......+
#......(# #.......#


You could see Harold.

Vanquished Creatures
  2 two-headed ogres
  Urug (D:11)
  Pikel (D:4)
  An ugly thing (D:10)
  A manticore (D:11)
  A gargoyle (D:10)
  A troll (D:10)
  Grinder (D:6)
  2 hippogriffs
  2 wyverns (D:9)
  A basilisk (D:10)
  Duvessa (D:4)
  3 porcupines (D:10)
  An ice beast (D:9)
  A hornet zombie (D:9)
  2 orc warriors
  3 black bears
  2 phantoms
  2 eyes of draining
  3 sky beasts
  The ghost of loom the Bolt Thrower, an amateur BaHu (D:3)
  4 centaurs
  A wolf (D:10)
  4 ogres
  A big kobold (D:10)
  3 crocodiles (D:10)
  8 bullfrogs
  8 gnoll sergeants (Bailey)
  Dowan (D:4)
  6 killer bees
  2 scorpions
  3 crimson imps
  2 centaur zombies
  A jelly (D:11)
  6 hounds
  A bullfrog skeleton (D:11)
  4 centaur skeletons
  5 orc priests
  7 gnoll shamans
  Jessica (D:2)
  5 iguanas
  6 orc wizards
  3 worker ants
  A hound skeleton (D:5)
  3 worker ant zombies
  24 gnolls
  8 adders
  A shadow imp (D:3)
  An adder skeleton (D:5)
  2 worms
  2 dart slugs (D:1)
  6 leopard geckos
  17 orcs
  9 bats
  4 giant cockroaches
  5 goblins
  13 hobgoblins
  8 jackals
  A quokka (D:6)
  2 frilled lizards
  9 kobolds
  A quokka skeleton (D:4)
  6 rats
238 creatures vanquished.

Vanquished Creatures (others)
  3 slaves (D:4)
  A howler monkey (D:4)
  A leopard gecko (D:4)
  3 orcs (D:4)
  5 goblins (D:4)
  A fungus (D:10)
  3 plants (D:10)
17 creatures vanquished.

Grand Total: 255 creatures vanquished

Notes
Turn   | Place    | Note
-------+----------+-------------------------------------------
     0 | D:1      | KleinerIrrer the Troll Monk began the quest for the Orb.
     0 | D:1      | Reached XP level 1. HP: 22/22 MP: 0/0
    52 | D:1      | Reached XP level 2. HP: 29/29 MP: 1/1
   282 | D:1      | Reached XP level 3. HP: 34/36 MP: 2/2
   709 | D:2      | Reached skill level 1 in Throwing
   746 | D:2      | Reached skill level 4 in Unarmed Combat
   746 | D:2      | Reached XP level 4. HP: 42/44 MP: 3/3
   826 | D:2      | Noticed Jessica
   833 | D:2      | Killed Jessica
  1157 | D:3      | Noticed loom's ghost (amateur BaHu)
  1176 | D:3      | Killed loom's ghost
  1176 | D:3      | Reached XP level 5. HP: 9/52 MP: 4/4
  1279 | D:3      | Found a stormy altar of Qazlal.
  1441 | D:3      | Reached skill level 5 in Unarmed Combat
  1842 | D:3      | Found a shattered altar of Ashenzari.
  2243 | D:4      | Found a blossoming altar of Fedhas.
  2243 | D:4      | Noticed a centaur
  2434 | D:4      | Killed a centaur
  2434 | D:4      | Reached XP level 6. HP: 57/61 MP: 5/5
  2626 | D:4      | Noticed a slave
  2627 | D:4      | Noticed Pikel
  2628 | D:4      | Noticed a slave
  2628 | D:4      | Noticed a slave
  2629 | D:4      | Noticed a slave
  2641 | D:4      | Killed Pikel
  2641 | D:4      | Reached skill level 6 in Unarmed Combat
  2641 | D:4      | Reached XP level 7. HP: 17/67 MP: 6/6
  2711 | D:4      | Found a staircase to the Ecumenical Temple.
  2720 | Temple   | Entered the Ecumenical Temple
  3021 | Temple   | Became a worshipper of the Shining One
  3021 | Temple   | Reached * piety under the Shining One
  3021 | Temple   | Reached ** piety under the Shining One
  3268 | D:4      | Noticed Dowan
  3270 | D:4      | Noticed Duvessa
  3277 | D:4      | Killed Dowan
  3277 | D:4      | Reached skill level 7 in Unarmed Combat
  3285 | D:4      | Killed Duvessa
  3477 | D:5      | Entered Level 5 of the Dungeon
  3506 | D:5      | Found a shimmering altar of Xom.
  3543 | D:5      | Reached XP level 8. HP: 64/75 MP: 7/7
  4116 | D:5      | Reached skill level 8 in Unarmed Combat
  4228 | D:6      | Noticed Grinder
  4235 | D:6      | Killed Grinder
  4400 | D:6      | Noticed a hippogriff
  4412 | D:6      | Killed a hippogriff
  4412 | D:6      | Reached skill level 9 in Unarmed Combat
  4412 | D:6      | Reached XP level 9. HP: 60/84 MP: 8/8
  4481 | D:6      | Got a shimmering mace
  4482 | D:6      | Identified the +7 mace of Goef Tymy {drain, rN+ MR+} (You found it on level 6 of the Dungeon)
  4582 | D:6      | You fall through a shaft for 2 floors!
  4661 | D:8      | Noticed a two-headed ogre
  4668 | D:8      | Killed a two-headed ogre
  4668 | D:8      | Reached skill level 5 in Throwing
  4668 | D:8      | Reached skill level 5 in Dodging
  4668 | D:8      | Reached skill level 10 in Unarmed Combat
  4745 | D:8      | Found a flagged portal.
  4766 | Bailey   | Entered a bailey
  4842 | Bailey   | Reached *** piety under the Shining One
  5065 | Bailey   | HP: 3/84 [gnoll shaman/trident (12)]
  5084 | Bailey   | HP: 3/84 [gnoll/halberd (10)]
  5542 | D:8      | Identified a scroll of acquirement
  5673 | D:8      | Found Weoschuh's Antique Armour Emporium.
  5677 | D:8      | Bought an embroidered hat for 252 gold pieces
  5729 | D:8      | Reached XP level 10. HP: 63/94 MP: 9/9
  5852 | D:8      | Reached skill level 11 in Unarmed Combat
  5988 | D:8      | Found a hide-covered altar of Uskayaw.
  6723 | D:9      | Reached skill level 1 in Invocations
  6732 | D:9      | HP: 4/94 [poisoned by a killer bee]
  6737 | D:9      | HP: 4/94 [poisoned by a killer bee]
  6743 | D:9      | HP: 4/94 [poisoned by a killer bee]
  7176 | D:10     | Entered Level 10 of the Dungeon
  7464 | D:10     | Found a staircase to the Lair.
  7468 | D:10     | Reached **** piety under the Shining One
  7604 | D:10     | Reached skill level 12 in Unarmed Combat
  7717 | D:10     | Noticed a white ugly thing
  7730 | D:10     | Killed a white ugly thing
  7906 | D:10     | Noticed a gargoyle
  7914 | D:10     | Killed a gargoyle
  7914 | D:10     | Reached XP level 11. HP: 101/101 MP: 11/11
  8036 | D:11     | Noticed a two-headed ogre
  8043 | D:11     | Killed a two-headed ogre
  8113 | D:11     | Noticed Urug
  8120 | D:11     | Found a shadowy altar of Dithmenos.
  8123 | D:11     | Killed Urug
  8918 | D:11     | Reached skill level 13 in Unarmed Combat
  9036 | D:12     | Noticed Harold
  9059 | D:12     | HP: 5/101 [Harold/glaive (5)]
  9063 | D:12     | Killed from afar by Harold

Skill      XL: |  1  2  3  4  5  6  7  8  9 10 11 |
---------------+----------------------------------+-----
Throwing       | 1 2 3 4 5 6 7 |  7.0
Unarmed Combat | 4 5 6 7 9 10 12 13 | 13.0
Dodging        | 3 4 5 6 |  6.9
Fighting       | 3 4 |  4.7
Invocations    | 2 3 |  3.2
Stealth        | |  1.0

Action                   |  1- 3 |  4- 6 |  7- 9 | 10-12 || total
-------------------------+-------+-------+-------+-------++-------
Melee: Unarmed           |    91 |   101 |   220 |   253 ||   665
       Punch             |     2 |     2 |     9 |    16 ||    29
Invok: Divine Shield     |       |       |     1 |       ||     1
  Use: Scroll            |       |     4 |    16 |     3 ||    23
       Potion            |       |     1 |     6 |     1 ||     8
 Stab: Sleeping          |     3 |     2 |       |       ||     5
  Eat: Chunk             |    12 |    18 |    24 |    33 ||    87
Armor: Robe              |    36 |    34 |    51 |    72 ||   193
Dodge: Dodged            |    48 |    53 |   154 |   164 ||   419
Block: Other             |       |       |    12 |       ||    12
